 Dungeon Crawl Stone Soup version 0.21.1-1-g345015f (webtiles) character file.

434 Fang the Shield-Bearer (level 7, -1/43 HPs)
             Began as a Gargoyle Fighter on May 8, 2018.
             Slain by Pikel
             ... wielding a +2 whip of freezing
              (2 damage)
             ... on level 5 of the Dungeon.
             The game lasted 00:04:55 (3444 turns).

Fang the Shield-Bearer (Gargoyle Fighter)           Turns: 3444, Time: 00:04:55

Health: -1/43      AC: 11    Str: 21    XL:     7   Next: 0%
Magic:  7/7        EV:  8    Int:  9    God:
Gold:   250        SH: 10    Dex:  9    Spells: 6/6 levels left

rFire    . . .     SeeInvis +   a - +0 war axe
rCold    . . .     Gourm    .   c - +0 shield
rNeg     + . .     Faith    .   b - +0 scale mail
rPois    ∞         Spirit   .   (no helmet)
rElec    +         Reflect  .   (no cloak)
rCorr    .         Harm     .   (no gloves)
MR       .....                  (no boots)
Stlth    ..........             (no amulet)
HPRegen  0.14/turn              l - ring of see invisible
MPRegen  0.10/turn              (no ring)

@: no status effects
A: negative energy resistance 1, electricity resistance, unbreathing,
petrification resistance, rot immunity, AC +4
a: no special abilities


You were on level 5 of the Dungeon.
You were not hungry.

You visited 1 branch of the dungeon, and saw 5 of its levels.

You collected 250 gold pieces.

Inventory:

Hand Weapons
 a - a +0 war axe (weapon)
Armour
 b - a +0 scale mail (worn)
 c - a +0 shield (worn)
Jewellery
 l - a ring of see invisible (left hand)
Scrolls
 h - a scroll of teleportation
 i - a scroll of magic mapping
 k - a scroll of blinking
 o - 2 scrolls of remove curse
Potions
 d - 2 potions of might
 e - 2 potions of curing {unknown}
 g - a potion of resistance {unknown}
 j - a potion of mutation
 m - a potion of degeneration {unknown}
 n - a potion of heal wounds {unknown}
Comestibles
 f - 4 rations


   Skills:
 + Level 4.0 Fighting
 + Level 4.1 Axes
 + Level 4.1 Armour
 + Level 1.6 Dodging
 + Level 0.4 Stealth
 + Level 5.3 Shields


You had 6 spell levels left.
You didn't know any spells.

Dungeon Overview and Level Annotations

Branches:
Dungeon (5/15)
 Temple: D:4-7

Altars:
Ru
Vehumet
Zin

Shops:
D:3 *

Annotations:
D:5 Pikel


Innate Abilities, Weirdness & Mutations

You are resistant to torment.
Your stone body is resilient. (AC +4)
You are immune to poison.
You resist negative energy. (rN+)
You are resistant to electric shocks. (rElec)
You can survive without breathing.
You are immune to petrification.
You are immune to rotting.


Message History

* * * LOW HITPOINT WARNING * * *
You barely miss Pikel.
Pikel is severely wounded.
You barely miss the slave. You hit the slave. You barely miss the slave.
Your scale mail prevents you from hitting the slave.
The slave hits you but does no damage. You block the slave's attack.
Pikel waves his whip at you. You block Pikel's attack. The slave hits you.
* * * LOW HITPOINT WARNING * * *
The slave hits you but does no damage. x2; The slave barely misses you.
Pikel hits you but does no damage.
You slash Pikel!
Pikel is almost dead.
You barely miss the slave. x3; You closely miss the slave.
You block the slave's attack. The slave barely misses you.
The slave hits you but does no damage. The slave barely misses you.
Pikel hits you with a whip of freezing.
* * * LOW HITPOINT WARNING * * *
Pikel freezes you.
You die...

.........#
.........#
.........#
.........#
.........#
.....$.lS#
......Kpp#
......p@p#
.........####
............#
#####.#####.#
. #.
#<...##....
#. ###....# #
######


You could see Pikel, 4 slaves, an adder and a frilled lizard.

Vanquished Creatures
  The ghost of forrest the Chopper, a weakling GrGl (D:3)
  2 orc wizards (D:4)
  Natasha (thrice) (D:2)
  7 gnolls
  8 adders
  An ooze (D:1)
  4 worms
  5 dart slugs
  3 leopard geckos
  10 orcs
  2 ball pythons
  2 giant cockroaches
  6 goblins
  9 hobgoblins
  4 jackals (D:1)
  11 kobolds
  A quokka (D:3)
  5 bats
  3 frilled lizards
  2 jackal skeletons (D:4)
  14 rats
103 creatures vanquished.

Notes
Turn   | Place    | Note
-------+----------+-------------------------------------------
     0 | D:1      | Fang the Gargoyle Fighter began the quest for the Orb.
     0 | D:1      | Reached XP level 1. HP: 14/14 MP: 1/1
    44 | D:1      | Reached XP level 2. HP: 17/19 MP: 2/2
   291 | D:1      | Reached XP level 3. HP: 22/23 MP: 3/3
   811 | D:2      | Reached XP level 4. HP: 25/29 MP: 4/4
   851 | D:2      | Reached skill level 1 in Dodging
   932 | D:2      | Noticed Natasha
   940 | D:2      | Killed Natasha
   940 | D:2      | Reached skill level 4 in Shields
  1116 | D:2      | Reached XP level 5. HP: 31/33 MP: 5/5
  1124 | D:2      | Noticed Natasha
  1130 | D:2      | Killed Natasha
  1263 | D:2      | Noticed Natasha
  1268 | D:2      | Killed Natasha
  1480 | D:2      | Found a radiant altar of Vehumet.
  1557 | D:3      | Noticed forrest's ghost (weakling GrGl)
  1581 | D:3      | Killed forrest's ghost
  1717 | D:3      | Reached XP level 6. HP: 38/38 MP: 6/6
  1739 | D:3      | Reached skill level 5 in Shields
  1923 | D:3      | Found Zin's Purification Station.
  1926 | D:3      | Found a glowing silver altar of Zin.
  3258 | D:4      | Found a sacrificial altar of Ru.
  3322 | D:4      | Reached XP level 7. HP: 43/43 MP: 7/7
  3421 | D:5      | Entered Level 5 of the Dungeon
  3427 | D:5      | Noticed Pikel
  3444 | D:5      | HP: 1/43 [Pikel/whip of freezing (3)]
  3444 | D:5      | Slain by Pikel

Skill      XL: |  1  2  3  4  5  6 |
---------------+-------------------+-----
Axes           | 2 3 4 |  4.1
Dodging        | 1 |  1.6
Shields        | 4 5 |  5.3
Fighting       | 4 |  4.0
Armour         | 4 |  4.1
Stealth        | |  0.4

Action                   |  1- 3 |  4- 6 |  7- 9 || total
-------------------------+-------+-------+-------++-------
Melee: War axe           |   126 |   272 |    18 ||   416
  Use: Scroll            |       |     7 |       ||     7
  Eat: Chunk             |       |     6 |       ||     6
       Ration            |       |     1 |       ||     1
Armor: Scale mail        |    97 |   122 |    39 ||   258
Dodge: Dodged            |    65 |    82 |    19 ||   166
Block: Shield            |    82 |   163 |    22 ||   267
